 Dungeon Crawl Stone Soup version 0.31-a0-1074-g0b22e4e0f1 (webtiles) character file.

Game seed: 11455819769141653755

797 grandjackal the Trooper (level 7, -5/64 HPs)
             Began as a Ghoul Monk on Nov 29, 2023.
             Slain by a gnoll
             ... wielding a +0 halberd
             ... led by a gnoll sergeant
              (8 damage)
             ... on level 5 of the Dungeon.
             The game lasted 00:04:27 (3758 turns).

grandjackal the Trooper (Ghoul Monk)                Turns: 3758, Time: 00:04:28

Health: -5/64      AC:  7    Str: 15    XL:     7   Next: 89%
Magic:  6/6        EV: 12    Int: 11    God:
Gold:   238        SH:  0    Dex: 15    Spells: 6/6 levels left

rFire   . .          .
                       - Unarmed
rCold   + . .        c - orb {light}
rNeg    + + +        g - +0 ring mail
rPois   ∞            s - +0 helmet "Ufyi" {Dex+4}
rElec   .            e - +0 cloak
rCorr   .            (no gloves)
SInv    .            (no boots)
Will    .....        (no amulet)
Stlth   +            (no ring)
HPRegen 0.00/turn    (no ring)
MPRegen 0.10/turn

%: no passive effects
@: inhibited regen, glowing
A: claws 1, cold resistance 1, negative energy resistance 3, inhibited
regeneration, torment resistance 2, devour on kill
a: no special abilities


You were on level 5 of the Dungeon.
You visited 1 branch of the dungeon, and saw 5 of its levels.

You collected 238 gold pieces.

Inventory:

Missiles
 y - 13 poisoned darts (quivered)
Armour
 c - an orb of light (worn)
 e - a +0 cloak (worn)
 g - a +0 ring mail (worn)
 s - the +0 helmet "Ufyi" (worn) {Dex+4}
   (You found it on level 3 of the Dungeon)

   Dex+4:     It affects your dexterity (+4).
Jewellery
 h - an amulet of regeneration
Wands
 n - a wand of flame (3)
Scrolls
 d - 2 scrolls of blinking {unknown}
 f - 2 scrolls of enchant armour {unknown}
 i - a scroll of poison {unknown}
 l - 3 scrolls of identify {unknown}
 o - a scroll of vulnerability {unknown}
 p - a scroll of enchant weapon {unknown}
 r - 2 scrolls of immolation {unknown}
 u - 4 scrolls of teleportation {unknown}
 x - a scroll of summoning {unknown}
 z - a scroll of revelation {unknown}
Potions
 a - 2 potions of magic {unknown}
 b - a potion of ambrosia
 j - 2 potions of berserk rage {unknown}
 k - 5 potions of heal wounds {unknown}
 m - a potion of curing {unknown}
 q - a potion of might {unknown}
 t - a potion of invisibility {unknown}
 v - a potion of mutation {unknown}
 w - a potion of enlightenment {unknown}


   Skills:
 + Level 6.3 Fighting
 - Level 3.0 Armour
 - Level 3.2 Dodging
 + Level 6.3 Unarmed Combat
 + Level 2.0 Evocations


You had 6 spell levels left.
You didn't know any spells.
Your spell library contained the following spells:

 Spells                   Type           Power      Damage    Failure   Level
 Ensorcelled Hibernation  Hex/Ice        0%         N/A       71%         2
 Passwall                 Tmut/Erth      0%         N/A       71%         2
 Swiftness                Air            0%         N/A       90%         3
 Irradiate                Conj/Tmut      0%         3d11      100%        5
 Wereblood                Tmut           Unusable   N/A       N/A         2

Dungeon Overview and Level Annotations

Branches:
Dungeon (5/15)
 Temple: D:4-7

Altars:
Ru


Innate Abilities, Weirdness & Mutations

You are immune to poison.
You have sharp fingernails.
Your flesh is cold resistant. (rC+)
You are immune to negative energy. (rN+++)
You do not regenerate when monsters are visible.
You are immune to unholy pain and torment.
You thrive by killing the living.


Message History

You claw the gnoll!
The gnoll is severely wounded.
A gnoll comes into view. It is wielding a +2 flail of venom.
The gnoll closely misses you. The gnoll hits you but does no damage.
You scratch the gnoll.
The gnoll is severely wounded.
The gnoll barely misses you. The gnoll completely misses you.
You barely miss the gnoll.
The gnoll is severely wounded.
The gnoll hits you with a +0 spear.
The gnoll hits you from afar with a +0 halberd.
You scratch the gnoll.
You kill the gnoll!
The gnoll barely misses you. The hound completely misses you.
You claw the hound!
The hound is almost dead.
The gnoll barely misses you. The hound bites you but does no damage.
You barely miss the hound.
The hound is almost dead.
The hound misses you.
The gnoll hits you from afar with a +0 halberd!
You scratch the hound.
You kill the hound!
You feel better. The gnoll misses you.
Your Evocations skill increases to level 2!
The water moccasin bites you. The gnoll hits you with a +0 halberd!
* * * LOW HITPOINT WARNING * * *
The water moccasin bites you.
* * * LOW HITPOINT WARNING * * *
Things that are here:
a +0 spear; a gnoll corpse You scratch the gnoll but do no damage.
The water moccasin bites you but does no damage.
The gnoll hits you with a +0 halberd!
* * * LOW HITPOINT WARNING * * *
You claw the gnoll!
The gnoll is severely wounded.
The water moccasin bites you but does no damage.
The gnoll hits you with a +0 halberd!
You die...

..#..... ....#
...## ## ...## ..
....# .# ...##
####### .###
..### #.....# g..
....# #.# #.##S#
###.######.#
#.)@g#
#........###.####
########..)..#
#######


You could see a water moccasin and 2 gnolls.

Vanquished Creatures
  Grinder (D:3)
  A phantom (D:4)
  A gnoll sergeant (D:5)
  A hound (D:5)
  2 orc priests (D:4)
  A jelly (D:4)
  An orc wizard (D:4)
  Natasha (thrice) (D:2)
  8 gnolls
  3 adders
  A shadow imp (D:5)
  2 worms (D:4)
  A dart slug (D:1)
  20 orcs
  6 ball pythons
  5 bats
  2 endoplasms
  A giant cockroach (D:1)
  15 hobgoblins
  7 jackals
  6 quokkas
  2 frilled lizards
  14 goblins
  13 kobolds
  3 rats
120 creatures vanquished.

Notes
Turn   | Place    | Note
-------+----------+-------------------------------------------
     0 | D:1      | grandjackal the Ghoul Monk began the quest for the Orb.
     0 | D:1      | Reached XP level 1. HP: 19/19 MP: 0/0
    69 | D:1      | Reached XP level 2. HP: 21/26 MP: 1/1
   132 | D:1      | You fall into a shaft and drop 1 floor!
   137 | D:2      | Found Pasievu's Assorted Antiques.
   162 | D:2      | Noticed Natasha
   170 | D:2      | Killed Natasha
   171 | D:2      | Reached XP level 3. HP: 6/33 MP: 2/2
   570 | D:1      | Reached XP level 4. HP: 40/40 MP: 3/3
  1081 | D:2      | Identified the +2 buckler of Gogam {rF++ Str+3}
  1126 | D:2      | Noticed Natasha
  1134 | D:2      | Killed Natasha
  1135 | D:2      | Reached skill level 1 in Armour
  1354 | D:2      | Noticed Natasha
  1367 | D:2      | Killed Natasha
  1368 | D:2      | Reached XP level 5. HP: 37/47 MP: 4/4
  1514 | D:3      | Noticed Grinder
  1545 | D:3      | Killed Grinder
  1546 | D:3      | Reached skill level 5 in Fighting
  1546 | D:3      | Reached skill level 5 in Unarmed Combat
  1546 | D:3      | Reached XP level 6. HP: 31/56 MP: 5/5
  1802 | D:3      | Found a sacrificial altar of Ru.
  1911 | D:3      | Identified the +0 helmet "Ufyi" {Dex+4}
  2669 | D:4      | Reached XP level 7. HP: 49/62 MP: 6/6
  3467 | D:4      | Reached skill level 1 in Evocations
  3659 | D:5      | Entered Level 5 of the Dungeon
  3757 | D:5      | HP: 3/64 [gnoll/+0 halberd[a gnoll sergeant] (7)]
  3758 | D:5      | Slain by a gnoll

Illustrated notes

Levels and vault maps discovered:
D:1:      amcnicky_arrival_feature_with_door, layout_loops_ring,
          minmay_circled_x
D:2:      layout_basic, serial_shops, shop, minmay_misc_feat_encased,
          uniq_natasha
D:3:      layout_basic, mainiacjoe_overflow_surrounded_room,
          minmay_statues_item, uniq_grinder
D:4:      corexii_shantytown, layout_loops_corners
D:5:      layout_loops_cross, tgw_sif

Skill      XL: |  1  2  3  4  5  6  7 |
---------------+----------------------+-----
Dodging        | 3 |  3.2
Fighting       | 4 5 6 |  6.3
Unarmed Combat | 4 5 6 |  6.3
Armour         | 1 2 3 |  3.0
Evocations     | 2 |  2.0

Action                     |  1- 3 |  4- 6 |  7- 9 || total
---------------------------+-------+-------+-------++-------
  Melee: Unarmed           |    57 |   170 |   133 ||   360
  Evoke: Wand              |       |       |     1 ||     1
 Armour: Robe              |    16 |       |       ||    16
         Ring mail         |    15 |   113 |    62 ||   190
  Dodge: Dodged            |    30 |   102 |    69 ||   201

Table legend: (Time is in decaauts)
 A = Elapsed time spent in this place.
 B = Non-inter-level travel time spent in this place.
 C = Inter-level travel time spent in this place.
 D = Time resting spent in this place.
 E = Time spent auto-exploring this place.
 F = Levels seen in this place.
 G = Mean time per level.
                   A        B        C        D        E       F      G
               +--------+--------+--------+--------+--------+-----+--------+
         Total |   3724 |   3623 |    101 |    521 |   2428 |   5 |  744.8 |
       Dungeon |   3724 |   3623 |    101 |    521 |   2428 |   5 |  744.8 |
               +--------+--------+--------+--------+--------+-----+--------+

Top non-repeatable levels by time:
     D:4: 1460 daAuts
     D:1: 745 daAuts
     D:3: 713 daAuts
     D:2: 709 daAuts
     D:5: 95 daAuts
